Cogmind - Beta 15 @@@ ROGUE MODE // 2025.09.27 @ 17:51:16 Player: minuslipton Result: Destroyed by B-36 Bruiser with Hammer Performance ------------- Evolutions (1) 500 Regions Visited (2) 400 Robots Destroyed (21) 105 Value Destroyed (416) 416 Prototype IDs (0) 0 Alien Tech Used (0) 0 Bonus (0) 0 TOTAL SCORE: 1421 Bonus ------- None Cogmind --------- Core Integrity 0/400 Matter 148/300 Energy 100/100 System Corruption 2% Temperature Cool (6) Movement Core (350) Ox6 Location -9/Materials Parts ------- > --- POWER (1) -------- (None) > --- PROPULSION (2) --- (None) > --- UTILITY (4) ------ Large Storage Unit > --- WEAPON (2) ------- (None) > --- INVENTORY (15) --- Light Ion Engine Aluminum Leg Visual Processing Unit Small Laser Peak State ------------ > --- POWER ------------ Ion Engine > --- PROPULSION ------- Aluminum Leg Aluminum Leg > --- UTILITY ---------- Large Storage Unit ECM Suite Power Shielding Light Armor Plating > --- WEAPON ----------- Light Assault Rifle Autogun > --- INVENTORY -------- Light Ion Engine Visual Processing Unit Small Laser [Rating: 10] Favorites ----------- Power Light Ion Engine Engine Light Ion Engine Propulsion Aluminum Leg Leg Aluminum Leg Flight Unit Flight Unit Utility Large Storage Unit Device ECM Suite Storage Large Storage Unit Protection Light Armor Plating Weapon Assault Rifle Ballistic Gun Assault Rifle Build | -11 -10 -9 ------- Run | Yrd Mat Mat Slots Evolved 2 | . . 2 Power . | . . . Propulsion . | . . . Utility 2 | . . 2 Weapon . | . . . Parts Attached 15 | 6 3 6 Power 3 | 1 . 2 Engine 3 | 1 . 2 Core . | . . . Reactor . | . . . Propulsion 3 | 2 . 1 Treads . | . . . Leg 2 | 2 . . Wheel . | . . . Hover . | . . . Flight 1 | . . 1 Utility 5 | 1 2 2 Device 1 | . . 1 Storage 2 | 1 1 . Processor . | . . . Hackware . | . . . Protection 2 | . 1 1 Artifact . | . . . Weapon 4 | 2 1 1 Energy Gun . | . . . Energy Cannon . | . . . Ballistic Gun 4 | 2 1 1 Ballistic Cannon . | . . . Launcher . | . . . Special Weapon . | . . . Impact Weapon . | . . . Slashing Weapon . | . . . Piercing Weapon . | . . . Special Melee Weapon . | . . . Unidentified Prototypes . | . . . Parts Lost 11 | . . 11 Power 2 | . . 2 Propulsion 3 | . . 3 Utility 3 | . . 3 Weapon 3 | . . 3 Highest Loss Streak 6 | . . 6 To Critical Strikes . | . . . Average Backups 4 | 1 4 3 Power 1 | . 2 1 Propulsion . | . . . Utility 1 | . 2 . Weapon . | . . 1 Tool/Special . | . . . Unused Backups 6 | 2 . 4 Power 1 | . . 1 Propulsion 2 | 2 . . Utility 2 | . . 2 Weapon 1 | . . 1 Tool/Special . | . . . Average Slot Usage (%) 92 | . 98 82 Engine 12 | . 14 8 Leg 23 | . 28 16 Device 3 | . . 9 Storage 12 | . 14 11 Protection 13 | . 12 15 Ballistic Gun 24 | . 28 19 Peak Build Rating 10 | 6 7 10 Average Rating 6 | 4 6 7 On Entrance 4 | . 6 7 Naked Turns . | . . . Heaviest Build 34 | 8 29 34 Greatest Support 20 | 20 20 20 Greatest Overweight (x) 7 | . 1 7 Average Overweight (x) . | . . 1 Largest Inventory Capacity 15 | 5 15 15 Average Capacity 12 | 5 12 15 Most Carried 6 | 4 6 5 Average Carried 4 | 1 4 3 Final Capacity 15 | 5 15 15 Final Carried 6 | 3 6 4 Class Distribution -------------------- 100% | Mutant Dominant Class ---------------- Mutant | -10/Materials Mutant | -9/Materials Resources | -11 -10 -9 ----------- Run | Yrd Mat Mat Matter Collected 413 | 340 46 27 Remotely . | . . . Salvage Created 556 | 73 198 285 Parts 42 | 6 16 20 Haulers Intercepted . | . . . Recyclers Shooed 2 | . 1 1 Parts Field Recycled . | . . . Retrieved Matter . | . . . Parts Self-Destructed . | . . . Prevented . | . . . Kills | -11 -10 -9 ------- Run | Yrd Mat Mat Combat Hostiles Destroyed 18 | 1 7 10 Guns 18 | 1 7 10 Classes Destroyed 5 | 2 1 2 Worker 1 | 1 . . Watcher 2 | . . 2 Swarmer 10 | . 3 7 Grunt 7 | 1 4 2 Sentry 1 | . . 1 Best Kill Streak 8 | 1 3 8 Combat Bots Only 7 | 1 3 7 Max Kills in Single Turn 2 | 1 2 2 Gunslinging 1 | . 1 1 Exploded . | . . . Melee . | . . . Uniques/NPCs Destroyed . | . . . Combat | -11 -10 -9 -------- Run | Yrd Mat Mat Hostile Shots Fired 168 | 5 24 139 Missed 41 | 2 3 36 Hits 127 | 3 21 103 Melee 11 | . . 11 Projectile 116 | 3 21 92 Critical Strikes 3 | . . 3 Actively Blocked 1 | . . 1 Damage Taken 1419 | 31 197 1191 Core 437 | . 32 405 Absorbed by Shields . | . . . Redirected to Shielding 27 | . . 27 Core Remaining (%) 93 | 100 87 . Volleys Fired 58 | 5 19 34 Largest 2 | 2 2 2 Hottest 43 | 40 40 43 Shots Fired 112 | 10 38 64 Gun 112 | 10 38 64 Cannon . | . . . Launcher . | . . . Special . | . . . Kinetic 112 | 10 38 64 Thermal . | . . . Explosive . | . . . Electromagnetic . | . . . Robot Hit Streak 9 | 3 9 6 Robot Miss Streak 7 | 2 6 7 Penetration Max . | . . . Secondary Targets 4 | . 1 3 Max Gunslinging Chain 1 | . 1 1 Shots Hit Robots 58 | 5 19 34 Core Hits 34 | 3 10 21 Critical Kills . | . . . Critical Parts Destroyed 1 | . 1 . Critical Strikes 1 | . 1 . Destroy 1 | . 1 . Melee Attacks . | . . . Impact . | . . . Slashing . | . . . Piercing . | . . . Sneak Attacks . | . . . Combat Hostiles . | . . . Follow-up Attacks . | . . . Damage Inflicted 710 | 71 241 398 Guns 710 | 71 241 398 Cannons . | . . . Explosions . | . . . Melee . | . . . Ramming . | . . . Kinetic 710 | 71 241 398 Thermal . | . . . Explosive . | . . . Electromagnetic . | . . . Impact . | . . . Slashing . | . . . Piercing . | . . . Highest Corruption 2 | . . 2 Average Corruption 2 | . . 2 Corruption Purged . | . . . Corruption Blocked . | . . . Overload Shots . | . . . Overflow Damage . | . . . Projectiles . | . . . Explosions . | . . . Melee . | . . . Knockbacks . | . . . Impact . | . . . Kinetic . | . . . Secondary . | . . . Self-Inflicted Damage . | . . . Shots . | . . . Rammed . | . . . Targets Rammed . | . . . Kicked . | . . . Crushed . | . . . Highest Temperature 26 | . 26 11 Average Temperature 7 | . 9 4 Received Heat Transfer 387 | 18 66 303 Siege Activations . | . . . Martial Activations . | . . . Shielding Activations . | . . . Robots Disrupted . | . . . Combat Hostiles . | . . . Robots Corrupted . | . . . Combat Hostiles . | . . . Parts Fried . | . . . Impact Corruptions . | . . . Robots Melted . | . . . Combat Hostiles . | . . . Parts Melted . | . . . Heat Transferred . | . . . Parts Sabotaged . | . . . Parts Stolen . | . . . Parts Stripped . | . . . Power Chain Reactions . | . . . Alert | -11 -10 -9 ------- Run | Yrd Mat Mat Maximum Alert Level . | . . . Low Security (%) 100 | 100 100 100 Level 1 . | . . . Level 2 . | . . . Level 3 . | . . . Level 4 . | . . . Level 5 . | . . . High Security . | . . . Max Security . | . . . Peak Influence 134 | 20 70 134 Initial . | . . . Average 23 | 3 17 39 Influence Increases 447 | 25 178 244 Destroy 0b10 Robot/C 360 | 20 140 200 Destroy 0b10 Robot/NC 15 | 5 . 10 Destroy Leader 64 | . 30 34 Successful Hack 7 | . 7 . Destroy Structure 1 | . 1 . Influence Decreases 439 | 25 178 236 Time Decay 339 | 25 178 136 Lost Part 100 | . . 100 Squads Dispatched 3 | . 3 . Investigation 2 | . 2 . Extermination . | . . . Reinforcement 1 | . 1 . Assault . | . . . Garrison . | . . . Intercept . | . . . Searches Triggered . | . . . Construction Impeded . | . . . Haulers Reinforced . | . . . Active Scanning Responses . | . . . Cargo Convoy Interrupts . | . . . Stealth | -11 -10 -9 --------- Run | Yrd Mat Mat Distress Signals 2 | . . 2 Communications Jammed . | . . . Distress Signals . | . . . Times Spotted 33 | 1 10 22 Peak Tracking Total 6 | 1 3 6 Tactical Retreats 4 | . . 4 Traps | -11 -10 -9 ------- Run | Yrd Mat Mat Traps Triggered . | . . . Indirectly . | . . . Trap Hack Attempts . | . . . Triggered . | . . . Disarmed . | . . . Reprogrammed . | . . . Reused . | . . . Traps Extracted . | . . . Installed . | . . . Triggered . | . . . Machines | -11 -10 -9 ---------- Run | Yrd Mat Mat Machines Disabled . | . . . Max in Single Turn . | . . . Machines Repaired . | . . . Machines Dismantled . | . . . Machines Sabotaged . | . . . Overloaded Fab Kills . | . . . Hacking | -11 -10 -9 --------- Run | Yrd Mat Mat Machines Accessed 3 | . 2 1 Terminals 2 | . 2 . Fabricators . | . . . Repair Stations . | . . . Recycling Units 1 | . . 1 Scanalyzers . | . . . Garrison Access . | . . . Total Hacks 8 | . 6 2 Successful 6 | . 4 2 Failed 2 | . 2 . Catastrophic . | . . . Database Lockouts . | . . . Manual . | . . . Terminals 6 | . 6 . Fabricators . | . . . Repair Stations . | . . . Recycling Units 2 | . . 2 Scanalyzers . | . . . Garrison Access . | . . . Terminal Hacks 4 | . 4 . Record 4 | . 4 . Fabricator Hacks . | . . . Repair Station Hacks . | . . . Recycling Unit Hacks 2 | . . 2 Recycle Component 1 | . . 1 Process 1 | . . 1 Scanalyzer . | . . . Garrison Access Hacks . | . . . Unauthorized Hacks . | . . . Terminals . | . . . Fabricators . | . . . Repair Stations . | . . . Recycling Units . | . . . Scanalyzers . | . . . Garrison Access . | . . . Data Cores Recovered . | . . . Used . | . . . Hacking Detections 2 | . 2 . Full Trace Events 2 | . 2 . Feedback Events . | . . . Feedback Blocked . | . . . Robot Schematics Acquired . | . . . Robots Built . | . . . Authchips . | . . . Time . | . . . Total Robot Build Rating . | . . . Part Schematics Acquired . | . . . Parts Built . | . . . Authchips . | . . . Time . | . . . Total Part Build Rating . | . . . Parts Repaired . | . . . Time . | . . . Parts Recycled 1 | . . 1 Recycled Matter 11 | . . 11 Retrieved Matter . | . . . Retrieved Components . | . . . Parts Scanalyzed . | . . . Part Schematics Acquired . | . . . Parts Damaged . | . . . Bothacking | -11 -10 -9 ------------ Run | Yrd Mat Mat Used RIF Installer . | . . . Robots Hacked . | . . . Non-combat . | . . . Combat . | . . . Robot Hacks Applied . | . . . Relay Couplers Released . | . . . Fabnet Peak Effective % . | . . . Robots Rewired . | . . . Allies Hacked . | . . . Hacks Repelled . | . . . Allies | -11 -10 -9 -------- Run | Yrd Mat Mat Total Allies . | . . . Largest Group . | . . . Highest-Rated Group . | . . . Highest-Rated Ally . | . . . Total Orders . | . . . Ally Attacks . | . . . Total Damage . | . . . Kills . | . . . Allies Corrupted . | . . . Allies Melted . | . . . Intel | -11 -10 -9 ------- Run | Yrd Mat Mat Active Infowar (turns) 367 | . . 367 ECM 367 | . . 367 Robot Analysis Total . | . . . Derelict Logs Recovered . | . . . Drone Launches . | . . . Drone Recoveries . | . . . Exploration | -11 -10 -9 ------------- Run | Yrd Mat Mat Turns Passed 1236 | 144 664 428 Spaces Moved 599 | 111 349 139 Core 46 | 31 . 15 Treads . | . . . Legs 549 | 80 349 120 Wheels . | . . . Hover . | . . . Flight 4 | . . 4 Fastest Speed 50 | 50 120 190 Average Speed 169 | 100 165 236 Slowest Speed 610 | 120 190 610 Overloaded Moves . | . . . Propulsion Burnouts . | . . . Robots Hopped . | . . . Potential Cave-ins . | . . . Cave-ins Triggered . | . . . Exploration Rate (%) 26 | 5 51 23 Regions Visited 2 Branch Regions . Pre-discovered Areas . | . . . Known Exits Taken . | . . . Unknown Exits Taken 2 | 1 1 . Scrap Searched . | . . . Spaces Dug . | . . . Terrain Destroyed . | . . . Melee . | . . . Projectile . | . . . AOE . | . . . Terrain Rammed . | . . . Walls Destroyed . | . . . Machines Disabled . | . . . Actions | -11 -10 -9 --------- Run | Yrd Mat Mat Total 720 | 134 401 185 Wait 23 | . 23 . Move 597 | 110 348 139 Hop . | . . . Pick Up 22 | 11 6 5 Fast Attach . | . . . Attach 12 | 6 1 5 Detach . | . . . Swap 3 | . 2 1 Drop 5 | 2 2 1 Fire 58 | 5 19 34 Melee . | . . . Ram . | . . . Kick . | . . . Crush . | . . . Escape Stasis . | . . . Rewire . | . . . Trap . | . . . Miscellaneous . | . . . Route ------- -11/Scrapyard -10/Materials (discovered 2 exits: *Mat / [*Min]) -9/Materials History --------- Turn | Location | Event 2 | -11/Scrapyard | Met Revision 17 74 | -11/Scrapyard | Discovered new exit (range 8) 145 | -11/Scrapyard | Entered Materials 309 | -10/Materials | Build established: Mutant 320 | -10/Materials | Discovered new exit (range 7) 618 | -10/Materials | Discovered new exit (range 15) 809 | -10/Materials | Entered another Materials area 809 | -9/Materials | Evolved 2 slots: Utility x2 1087 | -9/Materials | Lost 3 parts (1n1u1w) 1095 | -9/Materials | Destroyed 7 combat bots 1213 | -9/Materials | Lost 6 parts (1p2n2u1w) 1222 | -9/Materials | Core integrity fell below 50% 1232 | -9/Materials | Core integrity fell below 20% 1237 | -9/Materials | Destroyed by B-36 Bruiser with Hammer Last Messages --------------- deactivated. Acquired 15 matter. K-01 Serf collects debris. R-06 Scavenger collects Sml. Laser. K-01 Serf collects debris. R-06 Scavenger collects Heat Sink. K-01 Serf collects debris. Acquired Aluminum Leg. R-06 Scavenger collects Lgt. Assault Rifle. Lgt. Assault Rifle destroyed. R-06 Scavenger collects Hover Unit. ECM Suite destroyed. Power Shielding destroyed. System corrupted by crushing effect (+2). Lgt. Ion Engine destroyed. Aluminum Leg destroyed. Flight Unit destroyed. Knocked back. Autogun destroyed. [Achievement: First Step to Greatness] Map ----- +----------------------------------------------------+ | ?????????????????????????????????????????????????? | | ?????????????????????????????????????????????????? | | ?????????????????????????????????????????????????? | | ?????????????????????????????????????????????????? | | ?????????????????????????????????????????????????? | | ?????????????????????????????????????????????????? | | ?????????????????????????????????????????????????? | | ?????????????????????????????????????????????????? | | ?????????????????????????????????????????????????? | | ?????????????????????????????????????????????????? | | ?????????????????????????????????????????????????? | | ?????????????????????????????????????????????????? | | ?????????????????????????????????????????????????? | | ?????????????????????????????????????????????????? | | ?????????????????????????????????????????????????? | | ?????????????????????????????????????????????????? | | ?????????????????????????????????????????????????? | | ?????????????????????????????????????????????????? | | ?????????????????????????????????????????????????? | | ???????##????????????????????????????????????????? | | ??????? ???????????????????????????????????????? | | ??????? ???????????????????????????????????????? | | ????????% ??????###########??????????????????????? | | ???????? ??????# #??????????????????????? | | ???????? ??????# gg bb#??????????????????????? | | ????????# ??????# g @#??????????????????????? | | ????????# ??????# """ """ #??????????????????????? | | ????????# ###???# """ """ #??????????????????????? | | ????????# ##### """ """ #??????????????????????? | | ????????# + #??????????????????????? | | ????????#% ##### #??????????????????????? | | ????????#% %#???#####+#####??????????????????????? | | ????????#* ######## #????????????????????????? | | ????????#% % #????????????????????????? | | ?????" +! #????????????????????????? | | ??"""" # """ T #????????????????????????? | | ??"""" # """ #????????????????????????? | | ??""" ?# """ #????????????????????????? | | ?? ??# ?????????????????????? | | ??###???# ?????????????????????? | | ????????# """" ?????????????????????? | | ????????### """" ###??????????????????????? | | ?########## """" #????????????????????????? | | """ """ ## #????????????????????????? | | """ """ # #????????????????????????? | | """ """%+* % %=*+????????????????????? | | # #####?????????????????????? | | ### ####+####+#?????????????????????????? | | #?# #???????????????????????????????????? | | ##########?# #???????????????????????????????????? | +----------------------------------------------------+ Best States ------------- Heat Dissipation 28 Energy Generation 10 Energy Capacity 250 Matter Stores 350 Matter Capacity 350 Sight Range 16 Terrain Scan Density 10 ECM Strength 1 Armor Coverage 150 Power Shielding 33 Evasion (%) 55 Item Schematics ----------------- None Robot Schematics ------------------ None Fabricated ------------ Nothing Repaired ---------- Nothing Alien Tech Used ----------------- None Achievements -------------- First Step to Greatness One Hack Too Far Storm Trooper Uninvited Guest Challenges ------------ None Game ------ Seed TachyonFissionFlail Manual? 0 Play Time 00:25:05 Cumulative 0.3 hours Start 2025.09.27 @ 17:23:08 End 2025.09.27 @ 17:51:16 Sessions 1 Manual Loads 0 Difficulty Rogue Special Mode None Game No. 1 Rogue 1 Adventurer 0 Explorer 0 Win Type - Total 0 Types 0/0/0/0/0/0/0/0/0/0 Lore% 0 Gallery% 1 Achievement% 1 Wizard Run 0 Options --------- Layout 1 ASCII 0 Keyboard 0 Movement Numpad Keybinds 0 Fullscreen 1 Font 24/X11 Map View 50x35 Zoom Use 0% Tactical HUD 0 Map Filters NONE Filters NONE Steam 1 RUN: 371f3e1a-3e45-4ad7-a2ff-b9709cedf035